 Dungeon Crawl Stone Soup version 0.30-a0-365-ge7f957f1db (webtiles) character file.

Game seed: 14647044640998063892

23 mopl the Caller (level 3, 0/19 HPs)
             Began as a Tengu Summoner on Nov 16, 2022.
             Slain by a bat (1 damage)
             ... on level 2 of the Dungeon.
             The game lasted 00:01:06 (531 turns).

mopl the Caller (Tengu Summoner)                     Turns: 531, Time: 00:01:06

Health: 0/19       AC:  2    Str:  8    XL:     3   Next: 0%
Magic:  4/7        EV: 12    Int: 17    God:
Gold:   71         SH:  0    Dex: 14    Spells: 4/7 levels left

rFire   . . .      SeeInvis .    f - +0 spear
rCold   . . .      Faith    .    (no shield)
rNeg    . . .      Spirit   .    a - +0 robe
rPois   .          Reflect  .    (helmet restricted)
rElec   .          Harm     .    (no cloak)
rCorr   .          Rampage  .    (no gloves)
Will    .....                    (boots unavailable)
Stlth   ++........               (no amulet)
HPRegen 0.23/turn                (no ring)
MPRegen 0.10/turn                (no ring)

@: no status effects
A: beak, talons 3
a: no special abilities


You were on level 2 of the Dungeon.
You visited 1 branch of the dungeon, and saw 2 of its levels.

You collected 71 gold pieces.

Inventory:

Hand Weapons
 f - a +0 spear (weapon)
Armour
 a - a +0 robe (worn)
Jewellery
 j - an amulet of faith {!P}
Scrolls
 c - a scroll of enchant weapon {unknown}
 g - 2 scrolls of blinking {unknown}
 h - a scroll of butterflies {unknown}
Potions
 b - a potion of magic
 d - a potion of might {unknown}
 e - 2 potions of heal wounds {unknown}
 i - a potion of degeneration {unknown}
 k - a potion of cancellation {unknown}


   Skills:
 - Level 2.1 Dodging
 - Level 2.0 Stealth
 + Level 2.6 Spellcasting
 + Level 5.4 Summonings


You had 4 spell levels left.
You knew the following spells:

 Your Spells              Type           Power      Damage    Failure   Level
a - Summon Small Mammal   Summ           80%        N/A       1%          1
b - Call Imp              Summ           20%        N/A       3%          2

Your spell library contained the following spells:

 Spells                   Type           Power      Damage    Failure   Level
 Call Canine Familiar     Summ           20%        N/A       6%          3
 Shock                    Conj/Air       8%         1d3       19%         1
 Summon Guardian Golem    Hex/Summ       11%        N/A       19%         3
 Swiftness                Air            2%         N/A       50%         3
 Summon Lightning Spire   Summ/Air       11%        N/A       52%         4
 Airstrike                Air            1%         2d(1-17)  88%         4


Dungeon Overview and Level Annotations

Branches:
Dungeon (2/15)

Altars:


Innate Abilities, Weirdness & Mutations

You have a beak for a mouth.
You have claws for feet.


Message History

The kobold hits you with a +2 dagger of electrocution.
You hit the kobold. You claw the kobold, but do no damage.
The kobold is moderately wounded.
The kobold barely misses you.
A bat comes into view.
Your crimson imp hits the kobold but does no damage.
You barely miss the kobold. Your kick misses the kobold.
The kobold is moderately wounded.
The kobold hits you with a +2 dagger of electrocution.
Your crimson imp hits the kobold.
You barely miss the kobold.
The kobold is heavily wounded.
The bat barely misses your crimson imp. The kobold closely misses you.
Your crimson imp barely misses the kobold.
You closely miss the kobold.
The kobold is heavily wounded.
The bat misses your crimson imp.
The kobold hits you with a +2 dagger of electrocution.
You are electrocuted!
Ouch! That really hurt!
* * * LOW HITPOINT WARNING * * *
Your crimson imp hits the kobold but does no damage.
The bat hits you.
* * * LOW HITPOINT WARNING * * *
Your crimson imp blinks!
The bat misses you. The kobold attacks as you move away!
The kobold closely misses you. The bat attacks as you move away!
The bat barely misses you. The bat hits you but does no damage.
The bat hits your crimson imp. The bat attacks as you move away!
The bat hits you but does no damage.
The bat hits your crimson imp but does no damage.
The kobold hits your crimson imp but does no damage.
Lightning courses through your crimson imp!
Your crimson imp dies!
Your crimson imp disappears in a puff of smoke!
Casting: Call Imp (safe; 3% risk of failure)
Confirm with . or Enter, or press ? or * to list all spells.
A beastly little devil appears in a puff of frigid air.
The bat hits you.
You die...

#.....#.#####+####
#.....<..........###
#...................
#...................
#...................
#...................
########............
#....K.5.....
#...b@......?
#.......!....
#####.......#
#.#.###.# #.... +#
...... .......
........


You could see a bat, a kobold (ally target) and a friendly white imp (summoned).

Vanquished Creatures
  A dart slug (D:1)
  A bat (D:1)
  2 endoplasms (D:1)
  4 goblins (D:1)
  2 hobgoblins (D:1)
  2 quokkas (D:1)
  2 ball pythons
  2 frilled lizards (D:1)
  2 rats (D:1)
18 creatures vanquished.

Vanquished Creatures (collateral kills)
  A goblin (D:1)
  A hobgoblin (D:1)
2 creatures vanquished.

Grand Total: 20 creatures vanquished

Notes
Turn   | Place    | Note
-------+----------+-------------------------------------------
     0 | D:1      | mopl the Tengu Summoner began the quest for the Orb.
     0 | D:1      | Reached XP level 1. HP: 10/10 MP: 4/4
    79 | D:1      | Reached skill level 5 in Summonings
    83 | D:1      | Reached XP level 2. HP: 15/15 MP: 6/6
    87 | D:1      | Learned a level 2 spell: Call Imp
   520 | D:2      | Reached XP level 3. HP: 19/19 MP: 7/7
   531 | D:2      | Slain by a bat

Illustrated notes

Levels and vault maps discovered:
D:1:      mrwooster_arrival_statue_3, layout_basic
D:2:      layout_basic, serial_bayou_pond_e, kennysheep_generic_room_7

Skill      XL: |  1 |
---------------+----+-----
Summonings     | 5 |  5.4
Dodging        | |  2.1
Stealth        | |  2.0
Spellcasting   | |  2.6

Action                   || total
-------------------------++-------
Melee: Spear             ||    58
       Kick              ||     8
       Peck              ||     5
 Cast: Call Imp          ||     6
 Stab: Sleeping          ||     2
Armor: Robe              ||    11
Dodge: Dodged            ||    30

Table legend: (Time is in decaauts)
 A = Elapsed time spent in this place.
 B = Non-inter-level travel time spent in this place.
 C = Inter-level travel time spent in this place.
 D = Time resting spent in this place.
 E = Time spent auto-exploring this place.
 F = Levels seen in this place.
 G = Mean time per level.
                   A        B        C        D        E       F      G
               +--------+--------+--------+--------+--------+-----+--------+
         Total |    536 |    524 |     12 |     56 |    318 |   2 |  268.0 |
       Dungeon |    536 |    524 |     12 |     56 |    318 |   2 |  268.0 |
               +--------+--------+--------+--------+--------+-----+--------+

Top non-repeatable levels by time:
     D:1: 516 daAuts
     D:2: 19 daAuts
